[ AOE2 MATCH · #469795124 ]
UnrankedTatars vs Lithuanians
Player's team · LOSS
[ REPLAY ANALYSIS · EXTRACTED FROM THE RECORDED GAME ]
Feudal
—
Castle
—
Imperial
—
| APM avg | 6.4 |
| APM peak | 26 |
| eAPM avg | 3.3 |
| Villagers / military | 5 / 0 |
Focus
⚔️ 0.0% · 🌾 100.0%
Feudal
—
Castle
—
Imperial
—
| APM avg | 32.7 |
| APM peak | 63 |
| eAPM avg | 9.7 |
| Villagers / military | 10 / 0 |
Focus
⚔️ 23.1% · 🌾 76.9%
Feudal
—
Castle
—
Imperial
—
| APM avg | 21.0 |
| APM peak | 33 |
| eAPM avg | 10.3 |
| Villagers / military | 15 / 0 |
Focus
⚔️ 8.3% · 🌾 91.7%
Feudal
—
Castle
—
Imperial
—
| APM avg | 27.0 |
| APM peak | 39 |
| eAPM avg | 5.9 |
| Villagers / military | 8 / 0 |
Focus
⚔️ 5.9% · 🌾 94.1%
Feudal
—
Castle
—
Imperial
—
| APM avg | 18.7 |
| APM peak | 58 |
| eAPM avg | 6.8 |
| Villagers / military | 10 / 0 |
Focus
⚔️ 6.7% · 🌾 93.3%
Feudal
—
Castle
—
Imperial
—
| APM avg | 23.7 |
| APM peak | 39 |
| eAPM avg | 10.6 |
| Villagers / military | 10 / 0 |
Focus
⚔️ 18.8% · 🌾 81.2%
Feudal
—
Castle
—
Imperial
—
| APM avg | 48.9 |
| APM peak | 67 |
| eAPM avg | 10.2 |
| Villagers / military | 9 / 0 |
Focus
⚔️ 18.8% · 🌾 81.2%
Feudal
—
Castle
—
Imperial
—
| APM avg | 32.2 |
| APM peak | 44 |
| eAPM avg | 13.3 |
| Villagers / military | 16 / 0 |
Focus
⚔️ 33.9% · 🌾 66.1%
Match map
Initial resources + every placement click. Lines = walls · curves = elevation contours. ◆ gold · ⬟ stone · ● berries · ✦ relic · ◌ wall gap
Your base
Toshiwars7043's base
SrBlack's base
AxD | MaxPower's base
AxD | Empomeitor's base
AxD | Jano's base
AxD | NescoFFe's base
AxD | Kurumi 002's base
Smoothed initial terrain · ◌ = detected wall gap · hover for details
Inputs per minute
— CESALDINE - - Toshiwars7043
Build order — CESALDINE
6 actions detected in the replay
| 0:27 | Build | Town Center |
| 3:41 | Create | Villager (Male) |
| 3:42 | Create | Villager (Male) |
| 3:42 | Create | Villager (Male) |
| 3:42 | Create | Villager (Male) |
| 3:42 | Create | Villager (Male) |
Build order — Toshiwars7043
14 actions detected in the replay
| 0:39 | Build | Town Center |
| 0:54 | Build | House |
| 2:40 | Create | Villager (Male) |
| 2:40 | Create | Villager (Male) |
| 2:40 | Create | Villager (Male) |
| 2:41 | Create | Villager (Male) |
| 2:41 | Create | Villager (Male) |
| 3:19 | Research | Loom |
| 3:20 | Create | Villager (Male) |
| 3:20 | Create | Villager (Male) |
| 4:36 | Create | Villager (Male) |
| 4:37 | Create | Villager (Male) |
| 4:37 | Create | Villager (Male) |
| 5:14 | Build | House |
Build order — SrBlack
21 actions detected in the replay
| 0:06 | Build | Town Center |
| 0:20 | Build | House |
| 2:25 | Create | Villager (Male) |
| 2:25 | Create | Villager (Male) |
| 2:25 | Create | Villager (Male) |
| 2:26 | Create | Villager (Male) |
| 2:26 | Create | Villager (Male) |
| 3:11 | Research | Loom |
| 3:12 | Create | Villager (Male) |
| 3:13 | Create | Villager (Male) |
| 3:13 | Create | Villager (Male) |
| 3:37 | Build | House |
| 3:46 | Build | House |
| 4:08 | Create | Villager (Male) |
| 4:09 | Create | Villager (Male) |
| 4:09 | Create | Villager (Male) |
| 4:36 | Build | Settlement |
| 5:12 | Create | Villager (Male) |
| 5:34 | Create | Villager (Male) |
| 5:34 | Create | Villager (Male) |
| 5:34 | Create | Villager (Male) |
Build order — AxD | MaxPower
11 actions detected in the replay
| 2:14 | Build | Town Center |
| 4:13 | Build | House |
| 4:14 | Build | House |
| 4:21 | Create | Villager (Male) |
| 4:22 | Create | Villager (Male) |
| 4:22 | Create | Villager (Male) |
| 4:22 | Create | Villager (Male) |
| 4:22 | Create | Villager (Male) |
| 4:23 | Create | Villager (Male) |
| 5:30 | Create | Villager (Male) |
| 5:31 | Create | Villager (Male) |
Build order — AxD | Empomeitor
13 actions detected in the replay
| 0:15 | Build | Town Center |
| 1:40 | Build | House |
| 1:44 | Build | House |
| 1:47 | Build | House |
| 1:51 | Build | House |
| 2:28 | Create | Villager (Male) ×4 |
| 3:54 | Build | Lumber Camp |
| 4:03 | Create | Villager (Male) |
| 4:03 | Create | Villager (Male) |
| 5:00 | Create | Villager (Male) |
| 5:01 | Create | Villager (Male) |
| 5:49 | Create | Villager (Male) |
| 5:49 | Create | Villager (Male) |
Build order — AxD | Jano
12 actions detected in the replay
| 0:12 | Build | Town Center |
| 1:23 | Build | House |
| 1:24 | Build | House |
| 2:33 | Create | Villager (Male) ×4 |
| 3:37 | Create | Villager (Male) |
| 4:15 | Create | Villager (Male) |
| 4:30 | Create | Villager (Male) |
| 4:54 | Build | Lumber Camp |
| 5:00 | Create | Villager (Male) |
| 5:41 | Create | Villager (Male) ×2 |
| 5:56 | Build | House |
| 6:00 | Build | House |
Build order — AxD | NescoFFe
13 actions detected in the replay
| 0:20 | Build | Town Center |
| 0:32 | Build | House |
| 2:43 | Create | Villager (Male) |
| 2:43 | Create | Villager (Male) |
| 3:06 | Create | Villager (Male) |
| 3:07 | Create | Villager (Male) |
| 4:14 | Create | Villager (Male) |
| 4:18 | Build | House |
| 4:20 | Create | Villager (Male) |
| 4:56 | Build | House |
| 5:15 | Create | Villager (Male) |
| 5:15 | Create | Villager (Male) |
| 5:36 | Create | Villager (Male) |
Build order — AxD | Kurumi 002
22 actions detected in the replay
| 0:15 | Build | Town Center |
| 0:30 | Build | House |
| 2:47 | Research | Loom |
| 2:47 | Research | Loom |
| 2:47 | Research | Loom |
| 3:14 | Create | Villager (Male) |
| 3:15 | Create | Villager (Male) |
| 3:39 | Create | Villager (Male) |
| 3:39 | Create | Villager (Male) |
| 4:07 | Create | Villager (Male) |
| 4:07 | Create | Villager (Male) |
| 4:08 | Create | Villager (Male) |
| 4:27 | Create | Villager (Male) |
| 4:27 | Create | Villager (Male) |
| 4:44 | Create | Villager (Male) |
| 5:06 | Create | Villager (Male) |
| 5:06 | Create | Villager (Male) |
| 5:15 | Create | Villager (Male) |
| 5:15 | Create | Villager (Male) |
| 5:26 | Build | Lumber Camp |
| 5:54 | Create | Villager (Male) |
| 5:54 | Create | Villager (Male) |
Match timeline
| 3:54 | CESALDINE · resign |
[ AI ANALYSIS · 1 CREDIT ]
What really happened in this match?
Wolo.gg analyzes every decision: build order, eco, micro, common mistakes by bracket. Personalized analysis on WhatsApp or Discord in 30 seconds.
Civ guide
Tatars
Map guide
African Clearing
Perfil
Jugador #20419269